[Event "Deutscher Jugend Online Cup 2020"]
[Site "Tornelo"]
[Date "2020.11.14"]
[Round "2.2"]
[White "Wilmink, Anna"]
[Black "Braeutigam, Katerina"]
[Result "1-0"]
[ECO "B10"]
[WhiteElo "1550"]
[BlackElo "1737"]
[Annotator "NA RC"]
[PlyCount "45"]
[EventDate "2020.11.13"]
[EventType "k.o."]
[SourceTitle "playchess.com"]
[Source "ChessBase"]
[SourceQuality "1"]
[TimeControl "600+3"]

1. e4 c6 2. Nf3 d5 3. exd5 cxd5 4. Ne5 Nc6 5. f4 Nf6 6. d4 e6 7. c3 Bd6 8. Nd2 O-O 9. Bd3 Qc7 10. O-O Rb8 11. Rf3 b5 12. Rg3 b4 13. Ng4 Nxg4 14. Qxg4 f5 15. Qh5 Bxf4 16. Rh3 g6 17. Qe2 Nd8 18. Nf3 bxc3 19. bxc3 Bxc1 20. Rxc1 Bd7 21. Ng5 h5 22. Rg3 Kh8 23. Nf3 1-0

[Event "Deutscher Jugend Online Cup 2020"]
[Site "Tornelo"]
[Date "2020.11.14"]
[Round "2.2"]
[White "B_____, L___"]
[Black "Buchinger, Alexis"]
[Result "0-1"]
[ECO "E90"]
[WhiteElo "1508"]
[BlackElo "1496"]
[Annotator "NA RC"]
[PlyCount "136"]
[EventDate "2020.11.13"]
[EventType "k.o."]
[SourceTitle "playchess.com"]
[Source "ChessBase"]
[SourceQuality "1"]
[TimeControl "600+3"]

1. d4 Nf6 2. Nf3 g6 3. c4 Bg7 4. Nc3 c5 5. d5 d6 6. e4 O-O 7. Bd3 a6 8. h3 Bd7 9. Be3 Be8 10. Qe2 Nbd7 11. Rc1 Rb8 12. O-O b6 13. Rfd1 e5 14. b3 h5 15. Bg5 Kh7 16. Qd2 Qc7 17. a3 Rb7 18. Rb1 Nb8 19. Qe2 Qd7 20. b4 Ng8 21. Be3 Nh6 22. Qb2 cxb4 23. axb4 f5 24. Ng5+ Kg8 25. Ne6 Rf7 26. Bg5 Ra7 27. c5 b5 28. c6 Qc8 29. Be3 Rae7 30. Bg5 Rxe6 31. dxe6 Qxe6 32. Bc2 Nxc6 33. Bb3 Qd7 34. Bxf7+ Bxf7 35. Be3 fxe4 36. Nxe4 Nd4 37. Bxd4 exd4 38. Rbc1 d3 39. Nf6+ Kh8 40. Nxd7 Bxb2 41. Rc8+ Kg7 42. Rxd3 Nf5 43. Rc7 Bc4 44. Rf3 Kh6 45. g4 hxg4 46. hxg4 Nd4 47. Rh3+ Kg5 48. f3 Ne2+ 49. Kf2 Bd4+ 50. Kg2 Nf4+ 51. Kg3 Nxh3 52. Kxh3 Bf2 53. Kg2 Bd4 54. Nb8 d5 55. Nxa6 Kf4 56. Rf7+ Ke3 57. Re7+ Kd3 58. Re6 Bc3 59. Rxg6 Kc2 60. Rd6 d4 61. Kf2 d3 62. g5 d2 63. g6 Bd3 64. Re6 d1=Q 65. Kg3 Qg1+ 66. Kf4 Qh2+ 67. Kg5 Qg3+ 68. Kh6 Qh4# 0-1

[Event "Deutscher Jugend Online Cup 2020"]
[Site "Tornelo"]
[Date "2020.11.14"]
[Round "2.2"]
[White "Richter, Johanna"]
[Black "Kutz, Ida"]
[Result "1/2-1/2"]
[ECO "E61"]
[WhiteElo "1178"]
[BlackElo "1269"]
[Annotator "NA RC"]
[PlyCount "144"]
[EventDate "2020.11.13"]
[EventType "k.o."]
[SourceTitle "playchess.com"]
[Source "ChessBase"]
[SourceQuality "1"]
[TimeControl "600+3"]

1. d4 Nf6 2. c4 g6 3. Nc3 Bg7 4. Nf3 O-O 5. g3 d5 6. cxd5 Nxd5 7. Bg2 Nc6 8. e3 Bf5 9. O-O Nxc3 10. bxc3 e5 11. Nh4 exd4 12. Nxf5 gxf5 13. exd4 Qd6 14. Qb3 Na5 15. Qa4 Nc6 16. Ba3 Qd7 17. Bxf8 Rxf8 18. Qb5 Rb8 19. Qd5 Qxd5 20. Bxd5 Ne7 21. Bg2 b6 22. Rfe1 Ng6 23. Bh3 f4 24. Bf5 fxg3 25. hxg3 c5 26. Red1 cxd4 27. cxd4 Ne7 28. Rab1 Nxf5 29. d5 Nd4 30. Rb4 Nf3+ 31. Kg2 Ne5 32. Rbd4 Ng6 33. R4d3 Ne5 34. Rd4 Ng6 35. R4d2 Rd8 36. d6 Bh6 37. Rd5 Rd7 38. f4 Bf8 39. Kf3 h5 40. f5 Nh8 41. g4 hxg4+ 42. Kxg4 f6 43. Kf4 Nf7 44. Ke4 Nxd6+ 45. Ke3 Nxf5+ 46. Ke4 Rxd5 47. Rxd5 Ne7 48. Rd7 f5+ 49. Kf3 Kf7 50. Rxa7 Kf6 51. Rb7 Nd5 52. Rd7 Nc3 53. Rb7 Nxa2 54. Rxb6+ Kg5 55. Kg3 f4+ 56. Kf3 Nc3 57. Ra6 Nd5 58. Ra5 Kf6 59. Rxd5 Bh6 60. Ra5 Kg6 61. Ra6+ Kh5 62. Ra5+ Kg6 63. Kg4 Kh7 64. Ra7+ Kg6 65. Ra6+ Kh7 66. Kf3 Kg7 67. Ra1 Kg6 68. Rg1+ Kh5 69. Rg4 Bg5 70. Rg1 Bh6 71. Rh1+ Kg5 72. Rg1+ Kh5 1/2-1/2

[Event "Deutscher Jugend Online Cup 2020"]
[Site "Tornelo"]
[Date "2020.11.14"]
[Round "2.3"]
[White "Zhou, Lepu Coco"]
[Black "Voigt, Anastasia"]
[Result "1-0"]
[ECO "C86"]
[WhiteElo "1882"]
[BlackElo "1738"]
[Annotator "NA RC"]
[PlyCount "99"]
[EventDate "2020.11.13"]
[EventType "k.o."]
[SourceTitle "playchess.com"]
[Source "ChessBase"]
[SourceQuality "1"]
[TimeControl "600+3"]

1. e4 e5 2. Nf3 Nc6 3. Bb5 a6 4. Ba4 Nf6 5. O-O b5 6. Bb3 Be7 7. Qe2 d6 8. c3 O-O 9. d4 exd4 10. cxd4 Re8 11. Rd1 Bb7 12. e5 Nd7 {[%emt 0:00:45] [#]} 13. e6 $146 ({Predecessor:} 13. Bf4 Nf8 14. Nc3 Ng6 15. Bg3 h5 16. h3 h4 17. Bh2 Bg5 18. Bc2 dxe5 19. dxe5 {1-0 (44) Al Tarbosh,W (2230)-Makkar,R (2231) Chess.com INT 2020}) 13... fxe6 14. Bxe6+ Kh8 15. d5 Nce5 16. Nxe5 Nxe5 17. f4 Nd7 18. Be3 Bf6 19. Nc3 Nf8 20. f5 c6 21. Qf2 Nxe6 22. dxe6 Qe7 23. Ne4 Be5 24. Bg5 Qc7 {[%emt 0:00:31] [#]} 25. Bf4 $1 d5 26. Bxe5 Qxe5 27. Nc5 Bc8 28. Re1 Qf6 29. Nd7 Bxd7 30. exd7 Red8 31. Re6 Qf7 32. Rxc6 Rxd7 33. Rac1 h6 34. Rc8+ Rxc8 35. Rxc8+ Kh7 36. Qc2 Qf6 37. g3 d4 38. Qd3 Re7 39. Rd8 Re3 40. Qxd4 Qxd4 41. Rxd4 Re2 42. Rd6 a5 43. Ra6 a4 44. Ra7 Rxb2 45. f6 Kg6 (45... Kg8 $19 46. Ra8+ (46. Rxg7+ $2 Kf8 $19) 46... Kf7 47. fxg7 Kxg7) 46. fxg7 $2 (46. f7 {mates} Rb1+ 47. Kf2 Kf6 48. f8=Q+ {[%mdl 64] Double Attack, Discovered Attack} Ke6 49. Re7+ Kd5 50. Qd8+ Kc4 51. Rc7+ Kb4 52. Qd6+ Ka5 53. Ra7#) 46... Rb1+ 47. Kg2 Rb2+ 48. Kh3 Rxa2 49. g8=Q+ Kf6 50. Rf7+ 1-0

[Event "Deutscher Jugend Online Cup 2020"]
[Site "Tornelo"]
[Date "2020.11.14"]
[Round "2.3"]
[White "N_____, L_____"]
[Black "Marcziter, Alex"]
[Result "1-0"]
[ECO "C84"]
[WhiteElo "1714"]
[BlackElo "1401"]
[Annotator "NA RC"]
[PlyCount "165"]
[EventDate "2020.11.13"]
[EventType "k.o."]
[SourceTitle "playchess.com"]
[Source "ChessBase"]
[SourceQuality "1"]
[TimeControl "600+3"]

1. e4 e5 2. Nf3 Nc6 3. Bb5 a6 4. Ba4 Nf6 5. d3 b5 6. Bb3 Be7 7. Nc3 d6 8. Nd5 O-O 9. O-O Bb7 10. c3 Na5 11. Nxf6+ Bxf6 12. Bc2 c5 13. Be3 Nc6 14. d4 cxd4 15. cxd4 Rc8 16. d5 Ne7 17. Rc1 Ng6 18. Bb1 Qd7 19. Qd2 Rxc1 20. Rxc1 Rc8 21. Rc3 Rxc3 22. Qxc3 Qc8 23. Qxc8+ Bxc8 24. Bd3 Bd8 25. Nd2 Kf8 26. Nb3 Ke8 27. g3 Kd7 28. Bd2 Bb6 29. Na5 Kc7 30. Kg2 Bd7 31. h4 Bd4 32. Bc3 Bxc3 33. bxc3 Kb6 34. Nb3 a5 35. a3 a4 36. Nd2 Kc5 37. h5 Ne7 38. f4 f6 39. f5 Nc8 40. g4 h6 41. Kf2 Nb6 42. Ke3 Nc8 43. Nf3 Ne7 44. Ne1 Nc8 45. Nc2 Ne7 46. Nb4 Bc8 47. Be2 Bb7 48. Kd2 Bc8 49. Kc2 Bb7 50. Nd3+ Kb6 51. Nb4 Kc5 52. Nd3+ Kb6 53. Nf2 Kc5 54. Kd3 Bc8 55. Nh3 Bb7 56. Ng1 Ba6 57. Kc2 Bb7 58. Nf3 Bc8 59. Kd3 Ba6 60. Kd2 Bb7 61. Ne1 Bc8 62. Kd3 Ba6 63. Ke3 Bc8 64. Nc2 Bd7 65. Kd3 Bc8 66. Bf1 Bb7 67. Nb4 Bc8 68. Be2 Bb7 69. Bd1 Bc8 70. Bc2 Bb7 71. Na2 Bc8 72. Nc1 Bb7 73. Ne2 Bc8 74. Ng3 Bb7 75. Nf1 Ba6 76. Kd2 Bc8 77. Ne3 Bb7 78. Bd3 Bc8 79. c4 bxc4 80. Nxc4 Ba6 81. Kc3 Bb7 82. Nb2 Nc8 83. Nxa4# 1-0

[Event "Deutscher Jugend Online Cup 2020"]
[Site "Tornelo"]
[Date "2020.11.14"]
[Round "2.3"]
[White "Trunz, Michelle"]
[Black "Lorenz, Veronika"]
[Result "0-1"]
[ECO "D20"]
[WhiteElo "1673"]
[BlackElo "1261"]
[Annotator "NA RC"]
[PlyCount "152"]
[EventDate "2020.11.13"]
[EventType "k.o."]
[SourceTitle "playchess.com"]
[Source "ChessBase"]
[SourceQuality "1"]
[TimeControl "600+3"]

1. d4 d5 2. c4 Nc6 3. Nc3 dxc4 4. e3 Nf6 5. Bxc4 e6 6. Nf3 Bb4 7. O-O O-O 8. a3 Bd6 9. b4 e5 10. d5 Ne7 11. e4 Ng6 12. Qc2 Bd7 13. Bg5 h6 14. Be3 c6 15. Rac1 Rc8 16. Qb1 Nh5 17. Rfd1 Nhf4 18. g3 cxd5 19. Nxd5 Nxd5 20. Bxd5 b6 21. Rxc8 Qxc8 22. Bxf7+ Rxf7 23. Rxd6 Rxf3 24. Kg2 Rf6 25. Qd3 Bh3+ 26. Kg1 Rxd6 27. Qxd6 Kh7 28. Qd1 Qg4 29. Qxg4 Bxg4 30. Kg2 Ne7 31. f3 Be6 32. f4 Nc6 33. b5 exf4 34. gxf4 Na5 35. f5 Bc4 36. a4 Kg8 37. Kf3 Bb3 38. e5 Nc4 39. Bd4 Bxa4 40. e6 Bxb5 41. Ke4 Kf8 42. Bc3 a5 43. Kd5 Ne3+ 44. Ke4 Ng4 45. h3 Nf6+ 46. Ke5 Ke7 47. Bb2 a4 48. Ba3+ Ke8 49. e7 Ng8 50. Ke6 Bc4+ 51. Kd6 Nxe7 52. Kc7 Nxf5 53. Kxb6 Ng3 54. Bb2 Kf7 55. Kc5 Bb3 56. Kb4 g5 57. Kc3 Kg6 58. Kb4 Kh5 59. Kc3 Kh4 60. Kd3 Kxh3 61. Ke3 h5 62. Kf3 h4 63. Kf2 Ne4+ 64. Kf3 Nd2+ 65. Ke2 Nc4 66. Bf6 g4 67. Ba1 a3 68. Kf1 a2 69. Kf2 Na3 70. Kg1 Nc2 71. Kh1 Nxa1 72. Kg1 Nc2 73. Kf2 a1=Q 74. Ke2 Qc3 75. Kf2 Qf3+ 76. Kg1 Qg2# 0-1

[Event "Deutscher Jugend Online Cup 2020"]
[Site "Tornelo"]
[Date "2020.11.14"]
[Round "2.3"]
[White "Trunz, Tamila"]
[Black "Woiteck, Sophia"]
[Result "0-1"]
[ECO "B24"]
[WhiteElo "1379"]
[BlackElo "1285"]
[Annotator "NA RC"]
[PlyCount "106"]
[EventDate "2020.11.13"]
[EventType "k.o."]
[SourceTitle "playchess.com"]
[Source "ChessBase"]
[SourceQuality "1"]
[TimeControl "600+3"]

1. e4 c5 2. Nc3 d6 3. g3 Nf6 4. Bg2 Nc6 5. d3 Bd7 6. Bd2 e6 7. h3 Be7 8. Nge2 a6 9. O-O O-O 10. f4 Rb8 11. g4 Ne8 12. Ng3 Bh4 13. Nce2 Bxg3 14. Nxg3 Qh4 15. Qf3 Nd4 16. Qf2 Nxc2 17. Rac1 Nd4 18. Bc3 e5 19. fxe5 dxe5 20. Bxd4 cxd4 21. Nf5 Qg5 22. Rc2 g6 23. Nd6 Nxd6 24. Qf6 Qxf6 25. Rxf6 Nb5 26. a4 Na7 27. b3 Be6 28. b4 Bb3 29. Rc7 Bxa4 30. Re7 Nc6 31. Rc7 Nxb4 32. Rc4 a5 33. Bf1 Kg7 34. g5 h6 35. h4 hxg5 36. hxg5 Rbc8 37. Rb6 Rxc4 38. dxc4 Bc6 39. Bg2 f6 40. gxf6+ Kxf6 41. c5 Ke7 42. Bf1 Kd8 43. Bb5 Kc7 44. Bxc6 bxc6 45. Kg2 d3 46. Kg3 d2 47. Kg4 d1=Q+ 48. Kg5 Qg1+ 49. Kh6 Qh2+ 50. Kg7 Qh8+ 51. Kxg6 Qg8+ 52. Kh5 Rf7 53. Rxb4 Rh7# 0-1

[Event "Deutscher Jugend Online Cup 2020"]
[Site "Tornelo"]
[Date "2020.11.14"]
[Round "3.1"]
[White "Wilmink, Anna"]
[Black "Braeutigam, Katerina"]
[Result "0-1"]
[ECO "B10"]
[WhiteElo "1550"]
[BlackElo "1737"]
[Annotator "NA RC"]
[PlyCount "74"]
[EventDate "2020.11.13"]
[EventType "k.o."]
[SourceTitle "playchess.com"]
[Source "ChessBase"]
[SourceQuality "1"]
[TimeControl "600+3"]

1. e4 c6 2. Nf3 d5 3. exd5 cxd5 4. Ne5 Nc6 5. f4 e6 6. d4 Nh6 7. c3 Bd6 8. Bd3 O-O 9. O-O f6 10. Ng4 Nxg4 11. Qxg4 f5 12. Qh5 g6 13. Qh3 Re8 14. Nd2 Bf8 15. Nf3 Be7 16. Ng5 Bxg5 17. fxg5 Bd7 18. Bf4 Qe7 19. Rae1 Qf7 20. Bd2 a6 21. g4 Qg7 22. Qg3 Rad8 23. h4 Kf7 24. h5 Rh8 25. Re2 Rde8 26. Qc7 Re7 27. Qd6 Nxd4 28. cxd4 Qxd4+ 29. Be3 Qxd3 30. Ree1 Qc4 31. Qe5 Qxg4+ 32. Kh1 Qh3+ 33. Qh2 Qxh2+ 34. Kxh2 gxh5 35. Kh3 Rg8 36. Kh4 Rge8 37. Kxh5 Rg8 0-1

[Event "Deutscher Jugend Online Cup 2020"]
[Site "Tornelo"]
[Date "2020.11.14"]
[Round "3.1"]
[White "Buchinger, Alexis"]
[Black "B_____, L___"]
[Result "1-0"]
[ECO "B80"]
[WhiteElo "1496"]
[BlackElo "1508"]
[Annotator "NA RC"]
[PlyCount "71"]
[EventDate "2020.11.13"]
[EventType "k.o."]
[SourceTitle "playchess.com"]
[Source "ChessBase"]
[SourceQuality "1"]
[TimeControl "600+3"]

1. e4 c5 2. Nf3 e6 3. d4 cxd4 4. Nxd4 Nc6 5. Nc3 d6 6. Be3 Nf6 7. f3 a6 8. Qd2 Be7 9. O-O-O Qc7 10. g4 h6 11. h4 b5 12. Bh3 Bb7 13. Rdf1 Nd7 14. g5 Nxd4 15. Bxd4 e5 16. Be3 h5 17. f4 b4 18. Nd5 Bxd5 19. Qxd5 Rc8 20. Rf2 Nb6 21. Qb3 a5 22. Bxc8 Nxc8 23. fxe5 Bf8 24. e6 f6 25. gxf6 gxf6 26. Rxf6 Be7 27. Rf7 Kd8 28. Bg5 Re8 29. Bxe7+ Rxe7 30. Rxe7 Qxe7 31. Qd5 Qc7 32. Qxh5 Qg7 33. Qf7 Qxf7 34. exf7 Ke7 35. Rf1 Nb6 36. f8=Q+ 1-0

[Event "Deutscher Jugend Online Cup 2020"]
[Site "Tornelo"]
[Date "2020.11.14"]
[Round "3.1"]
[White "Trunz, Tamila"]
[Black "Woiteck, Sophia"]
[Result "1-0"]
[ECO "B24"]
[WhiteElo "1379"]
[BlackElo "1285"]
[Annotator "NA RC"]
[PlyCount "79"]
[EventDate "2020.11.13"]
[EventType "k.o."]
[SourceTitle "playchess.com"]
[Source "ChessBase"]
[SourceQuality "1"]
[TimeControl "600+3"]

1. e4 c5 2. Nc3 d6 3. g3 Nf6 4. Bg2 a6 5. d3 Nc6 6. Nge2 Bd7 7. O-O e6 8. Be3 Be7 9. h3 O-O 10. f4 b5 11. g4 b4 12. Nb1 Ne8 13. Ng3 Bf6 14. c3 bxc3 15. bxc3 Qa5 16. d4 cxd4 17. cxd4 Qb6 18. Ne2 Nc7 19. Qd2 Qb4 20. Qxb4 Nxb4 21. Na3 Be7 22. Rab1 Rab8 23. Rfc1 Rfc8 24. Bd2 a5 25. Rc4 d5 26. exd5 exd5 27. Rcc1 Ne6 28. f5 Nf8 29. Bxb4 axb4 30. Nc2 Rc7 31. Bxd5 Bc6 32. Bxc6 Rxc6 33. Ne3 Rxc1+ 34. Nxc1 Bf6 35. d5 Nd7 36. d6 Be5 37. Kf2 Bxd6 38. Nd3 Bc7 39. Nd5 Bd8 40. N5xb4 1-0

[Event "Deutscher Jugend Online Cup 2020"]
[Site "Tornelo"]
[Date "2020.11.14"]
[Round "3.2"]
[White "N_____, L_____"]
[Black "Marcziter, Alex"]
[Result "1/2-1/2"]
[ECO "C77"]
[WhiteElo "1714"]
[BlackElo "1401"]
[Annotator "NA RC"]
[PlyCount "157"]
[EventDate "2020.11.13"]
[EventType "k.o."]
[SourceTitle "playchess.com"]
[Source "ChessBase"]
[SourceQuality "1"]
[TimeControl "600+3"]

1. e4 e5 2. Nf3 Nc6 3. Bb5 a6 4. Ba4 Nf6 5. d3 b5 6. Bb3 Be7 7. Nc3 Na5 8. Bd5 Nxd5 9. Nxd5 O-O 10. O-O c5 11. c3 d6 12. d4 cxd4 13. cxd4 exd4 14. Nxd4 Bb7 15. Be3 Nc6 16. Nxc6 Bxc6 17. Rc1 Rc8 18. Qd2 Bxd5 19. exd5 Bf6 20. Rc2 Rxc2 21. Qxc2 Qc8 22. Rc1 Qxc2 23. Rxc2 Re8 24. b3 Bd4 25. Rc6 Bxe3 26. fxe3 Rd8 27. Rxa6 h6 28. Rb6 Kf8 29. Rxb5 Rc8 30. a4 Rc2 31. b4 Ke7 32. a5 Ra2 33. Rb7+ Ke8 34. b5 Rxa5 35. b6 Rb5 36. Rb8+ Ke7 37. b7 Kf6 38. Kf2 Rb2+ 39. Kf3 g6 40. Rd8 Rxb7 41. Rxd6+ Kg7 42. g3 Rb5 43. e4 Kf8 44. Kf4 Ke7 45. Ra6 Rb1 46. h4 Rf1+ 47. Kg4 h5+ 48. Kh3 Re1 49. Ra4 Kd6 50. Kg2 Re3 51. Kf2 Rb3 52. Ra7 Rb4 53. Kf3 f5 54. exf5 gxf5 55. Rh7 Kxd5 56. Rxh5 Ke6 57. Rh6+ Ke5 58. Rh8 Rb3+ 59. Kg2 Rb4 60. Kh3 Rg4 61. Re8+ Kf6 62. Rf8+ Ke6 63. Ra8 Rd4 64. Ra6+ Ke5 65. Ra5+ Kf6 66. Ra6+ Ke5 67. h5 Rd1 68. h6 Rh1+ 69. Kg2 Rh5 70. Kf3 Rh3 71. Ra5+ Kf6 72. Ra6+ Kg5 73. Rb6 Rxh6 74. Rxh6 Kxh6 75. Kf4 Kg6 76. Ke5 Kg5 77. Ke6 Kg4 78. Kf6 Kxg3 79. Kxf5 1/2-1/2

[Event "Deutscher Jugend Online Cup 2020"]
[Site "Tornelo"]
[Date "2020.11.14"]
[Round "3.2"]
[White "Lorenz, Veronika"]
[Black "Trunz, Michelle"]
[Result "0-1"]
[ECO "B90"]
[WhiteElo "1261"]
[BlackElo "1673"]
[Annotator "NA RC"]
[PlyCount "98"]
[EventDate "2020.11.13"]
[EventType "k.o."]
[SourceTitle "playchess.com"]
[Source "ChessBase"]
[SourceQuality "1"]
[TimeControl "600+3"]

1. e4 c5 2. Nf3 d6 3. d4 cxd4 4. Nxd4 Nf6 5. Nc3 a6 6. Be3 e5 7. Nb3 Be6 8. Qd2 Be7 9. O-O-O O-O 10. Be2 Qc7 11. Kb1 b5 12. Nd5 Bxd5 13. exd5 Nbd7 14. g4 Ne4 15. Qd3 Nec5 16. Nxc5 Nxc5 17. Bxc5 Qxc5 18. h4 Rfc8 19. g5 g6 20. Rdg1 Kg7 21. h5 Rh8 22. Qd2 a5 23. Rg2 a4 24. Rgh2 b4 25. Rc1 a3 26. b3 Rhg8 27. Bc4 Rac8 28. Rch1 Rh8 29. Qd3 Qd4 30. Qxd4 exd4 31. Rg2 gxh5 32. Rxh5 Rcg8 33. Rh4 Kf8 34. Rxd4 Bxg5 35. Bd3 Bf6 36. Rdg4 Rxg4 37. Rxg4 h5 38. Re4 Rg8 39. Kc1 Bc3 40. Kd1 Rg1+ 41. Ke2 Re1+ 42. Kf3 Rxe4 43. Bxe4 Kg7 44. Kg3 Bf6 45. f4 Kh6 46. f5 Be5+ 47. Kh4 Bf6+ 48. Kg3 Be5+ 49. Kh4 Bf6+ 0-1

[Event "Deutscher Jugend Online Cup 2020"]
[Site "Tornelo"]
[Date "2020.11.14"]
[Round "4.2"]
[White "Braeutigam, Katerina"]
[Black "Trunz, Michelle"]
[Result "0-1"]
[ECO "B23"]
[WhiteElo "1737"]
[BlackElo "1673"]
[Annotator "NA RC"]
[PlyCount "108"]
[EventDate "2020.11.13"]
[EventType "k.o."]
[SourceTitle "playchess.com"]
[Source "ChessBase"]
[SourceQuality "1"]
[TimeControl "600+3"]

1. e4 c5 2. Nc3 d6 3. d4 cxd4 4. Qxd4 Nf6 5. h3 a6 6. Nf3 Nc6 7. Qe3 e6 8. Bc4 b5 9. Bb3 Bb7 10. Bd2 Be7 11. O-O-O Qc7 12. g4 h6 13. Rhg1 Nd7 14. g5 O-O-O 15. g6 Bf6 16. Ne2 Nc5 17. gxf7 Qxf7 18. Bc3 Nxb3+ 19. axb3 Rd7 20. Bxf6 Qxf6 21. Ned4 Nxd4 22. Nxd4 d5 23. e5 Qe7 24. Rg6 Re8 25. Rdg1 Qf7 26. Rxg7 Qxg7 27. Rxg7 Rxg7 28. Qxh6 Rge7 29. h4 Kd7 30. h5 Rg8 31. Qf6 Rgg7 32. h6 Rh7 33. Nf3 Rhf7 34. Qg6 Rxf3 35. h7 Rf8 36. Qg8 Ree8 37. Qg7+ Kc8 38. Qg6 Bc6 39. Qg7 Bd7 40. Qg6 Rh8 41. Qg7 Kc7 42. Qf7 Kd8 43. Qg7 Kc8 44. f4 Ref8 45. Kd2 Be8 46. Qa7 Bd7 47. Qa8+ Kc7 48. Qxa6 Rxh7 49. Qd6+ Kb7 50. Qc5 Rc8 51. Qd6 Rf7 52. c3 Rc7 53. Qb4 Rg7 54. Qd4 Rg2+ 0-1

[Event "Deutscher Jugend Online Cup 2020"]
[Site "Tornelo"]
[Date "2020.11.14"]
[Round "4.4"]
[White "Kutz, Ida"]
[Black "Trunz, Tamila"]
[Result "0-1"]
[ECO "A26"]
[WhiteElo "1269"]
[BlackElo "1379"]
[Annotator "NA RC"]
[PlyCount "148"]
[EventDate "2020.11.13"]
[EventType "k.o."]
[SourceTitle "playchess.com"]
[Source "ChessBase"]
[SourceQuality "1"]
[TimeControl "600+3"]

1. c4 e5 2. Nc3 f5 3. d3 Nf6 4. Nf3 Nc6 5. g3 g6 6. Bg2 Bg7 7. O-O h6 8. e4 O-O 9. exf5 gxf5 10. Nh4 d6 11. Ng6 Re8 12. Bd5+ Kh7 13. Nh4 Nxd5 14. Nxd5 Ne7 15. Nxe7 Qxe7 16. Qh5 f4 17. Qg6+ Kh8 18. Qh5 e4 19. Ng6+ Kh7 20. Nxe7 Rxe7 21. dxe4 Rxe4 22. Bxf4 b6 23. Qd5 Rxf4 24. Qxa8 Rf8 25. Qe4+ Bf5 26. Qb7 Bh3 27. Rfe1 h5 28. Qxc7 Rf6 29. Re7 Rg6 30. Qxd6 Rxd6 31. f4 Rd2 32. Rxa7 Rxb2 33. Re1 Kh6 34. Rd1 Rg2+ 35. Kh1 Rc2 36. Rd6+ Kh7 37. Rd1 Rxc4 38. Kg1 b5 39. Kf2 Rc2+ 40. Ke1 Rxh2 41. Rdd7 Bxd7 42. Rxd7 Rxa2 43. Rb7 Rb2 44. Rd7 b4 45. Rd5 b3 46. Rxh5+ Kg8 47. Rb5 Kf7 48. Rb7+ Kg6 49. Rb6+ Kh5 50. Rb5+ Kg6 51. Rg5+ Kf7 52. Rf5+ Ke6 53. Rg5 Bc3+ 54. Kf1 Rb1+ 55. Kg2 b2 56. Rg6+ Kd5 57. Rb6 Rg1+ 58. Kxg1 Bd4+ 59. Kg2 Bxb6 60. Kf3 b1=Q 61. Kg4 Ke6 62. Kf3 Kf5 63. g4+ Kg6 64. Kg3 Bc7 65. g5 Bxf4+ 66. Kxf4 Qf5+ 67. Ke3 Qxg5+ 68. Ke4 Kf6 69. Kd4 Ke6 70. Ke4 Qg4+ 71. Kd3 Kd5 72. Kc2 Kc4 73. Kb1 Kb3 74. Ka1 Qd1# 0-1

[Event "Deutscher Jugend Online Cup 2020"]
[Site "Tornelo"]
[Date "2020.11.14"]
[Round "4.5"]
[White "Sickmann, Lisa"]
[Black "B___, L___"]
[Result "1-0"]
[ECO "B76"]
[WhiteElo "1510"]
[BlackElo "1348"]
[Annotator "NA RC"]
[PlyCount "89"]
[EventDate "2020.11.13"]
[EventType "k.o."]
[SourceTitle "playchess.com"]
[Source "ChessBase"]
[SourceQuality "1"]
[TimeControl "600+3"]

1. e4 c5 2. Nf3 g6 3. d4 cxd4 4. Nxd4 Nf6 5. Nc3 Nc6 6. Be3 d6 7. f3 Bg7 8. Qd2 O-O 9. O-O-O Nxd4 10. Bxd4 Be6 11. g4 Qa5 12. Kb1 Rfc8 13. h4 a6 14. h5 b5 15. hxg6 fxg6 16. g5 b4 17. Nd5 Nxd5 18. exd5 Bxd5 19. Qh2 Qxa2+ 20. Kc1 Bxd4 21. Qxh7+ Kf8 22. Rxd4 b3 23. Qh8+ Bg8 24. Rf4+ Ke8 25. Qxg8+ Kd7 26. Bh3+ Kc7 27. Bxc8 Rxc8 28. Rc4+ Kb7 29. Qxc8+ Kb6 30. Qc7+ Kb5 31. Qc6+ Ka5 32. Ra4+ Qxa4 33. Qxa4+ Kxa4 34. Rh6 Kb4 35. Rxg6 a5 36. Re6 a4 37. g6 a3 38. bxa3+ Kxa3 39. cxb3 Kxb3 40. g7 d5 41. g8=Q d4 42. Rc6+ Kb4 43. Qb8+ Ka5 44. Rc7 Ka6 45. Ra7# 1-0

[Event "Deutscher Jugend Online Cup 2020"]
[Site "Tornelo"]
[Date "2020.11.14"]
[Round "4.6"]
[White "Buchinger, Alexis"]
[Black "Marcziter, Alex"]
[Result "1-0"]
[ECO "C54"]
[WhiteElo "1496"]
[BlackElo "1401"]
[Annotator "NA RC"]
[PlyCount "85"]
[EventDate "2020.11.13"]
[EventType "k.o."]
[SourceTitle "playchess.com"]
[Source "ChessBase"]
[SourceQuality "1"]
[TimeControl "600+3"]

1. e4 e5 2. Nf3 Nc6 3. Bc4 Nf6 4. d3 Bc5 5. c3 d6 6. O-O h6 7. Re1 O-O 8. Nbd2 a6 9. a4 Be6 10. Ba2 Ne7 11. d4 exd4 12. cxd4 Ba7 13. b4 Ng6 14. Bb2 Bxa2 15. Rxa2 Qd7 16. e5 Nd5 17. Qb3 Ndf4 18. Nf1 Qg4 19. Ne3 Qd7 20. Bc3 dxe5 21. Nxe5 Nxe5 22. dxe5 Qc6 23. Qc4 Bxe3 24. Qxc6 Bxf2+ 25. Rxf2 bxc6 26. Rxf4 Rad8 27. Rc4 Rfe8 28. Rxc6 Re6 29. Rxe6 fxe6 30. Rc1 Rd3 31. Be1 Ra3 32. Rxc7 Rxa4 33. Re7 Ra1 34. Kf2 Ra2+ 35. Kf1 Kf8 36. Rxe6 Kf7 37. Rb6 g6 38. e6+ Ke7 39. h3 Kf6 40. Bc3+ Ke7 41. b5 axb5 42. Bb4+ Ke8 43. Rb8# 1-0

[Event "Deutscher Jugend Online Cup 2020"]
[Site "Tornelo"]
[Date "2020.11.14"]
[Round "4.6"]
[White "Wartenberg, Alissa"]
[Black "Haug, Mara"]
[Result "1/2-1/2"]
[ECO "B38"]
[WhiteElo "1463"]
[BlackElo "1356"]
[Annotator "NA RC"]
[PlyCount "198"]
[EventDate "2020.11.13"]
[EventType "k.o."]
[SourceTitle "playchess.com"]
[Source "ChessBase"]
[SourceQuality "1"]
[TimeControl "600+3"]

1. e4 c5 2. Nf3 Nc6 3. d4 cxd4 4. Nxd4 g6 5. c4 Bg7 6. Be3 d6 7. Nc3 Nf6 8. f3 Be6 9. Nxe6 fxe6 10. Be2 O-O 11. Qd2 Rc8 12. O-O-O a6 13. Bh6 Ne5 14. Bxg7 Kxg7 15. Qd4 Qc7 16. f4 Nxc4 17. Kb1 Qb6 18. Bxc4 Qxd4 19. Rxd4 b5 20. Bb3 Rc7 21. a3 Rfc8 22. Bxe6 Rb8 23. Nd5 Rcb7 24. Nxf6 exf6 25. Rxd6 a5 26. Rd7+ Rxd7 27. Bxd7 b4 28. axb4 Rxb4 29. Bc6 a4 30. Ka2 Rc4 31. Bd5 Rd4 32. Rc1 Rd2 33. Rg1 Rf2 34. g3 Rxh2 35. Ka3 Rf2 36. Bc6 Re2 37. Ka2 Re3 38. Kb1 Kf7 39. Kc1 Ke7 40. Kd2 Rb3 41. Kc2 Re3 42. Rg2 Kd6 43. Bd5 f5 44. Rd2 fxe4 45. Bxe4+ Ke6 46. Bd5+ Kf6 47. Rg2 Kf5 48. Bc6 a3 49. bxa3 Rxa3 50. Kb2 Re3 51. Bd7+ Kf6 52. Kc1 Rd3 53. Bh3 h5 54. Kc2 Ra3 55. Kd1 h4 56. Bc8 hxg3 57. Ke2 Rc3 58. Bd7 Rc7 59. Bh3 Rc3 60. Bd7 Rb3 61. Bg4 Ra3 62. Kf1 Ra1+ 63. Ke2 Ra3 64. Bf3 Kf5 65. Rxg3 Kxf4 66. Rg4+ Kf5 67. Rb4 Ra2+ 68. Ke3 Ra5 69. Be4+ Kf6 70. Rb6+ Kf7 71. Bxg6+ Ke7 72. Kf4 Kf8 73. Bf5 Ra1 74. Rb7 Rf1+ 75. Kg5 Ke8 76. Kf6 Rd1 77. Rb8+ Rd8 78. Bg6+ Kd7 79. Rb7+ Kc8 80. Rb1 Rd6+ 81. Kf7 Kc7 82. Be4 Rd7+ 83. Ke6 Rd6+ 84. Ke5 Rb6 85. Rc1+ Kb8 86. Bf5 Rb5+ 87. Kf6 Ka7 88. Ra1+ Kb6 89. Be6 Rb4 90. Ke7 Rd4 91. Rb1+ Kc5 92. Rc1+ Kb4 93. Kf6 Rd6 94. Ke5 Ra6 95. Kd4 Rxe6 96. Rb1+ Ka5 97. Kc5 Re5+ 98. Kd4 Rb5 99. Rxb5+ Kxb5 1/2-1/2

[Event "Deutscher Jugend Online Cup 2020"]
[Site "Tornelo"]
[Date "2020.11.14"]
[Round "4.7"]
[White "Besou, Hussain"]
[Black "Goldmann, David"]
[Result "1-0"]
[ECO "D06"]
[WhiteElo "1804"]
[BlackElo "1644"]
[Annotator "NA RC"]
[PlyCount "61"]
[EventDate "2020.11.13"]
[EventType "k.o."]
[SourceTitle "playchess.com"]
[Source "ChessBase"]
[SourceQuality "1"]
[TimeControl "600+3"]

1. d4 Nf6 2. c4 d5 3. cxd5 Nxd5 4. e4 Nb6 5. Nc3 e6 6. Be3 Bb4 7. a3 Bxc3+ 8. bxc3 O-O 9. Nf3 N8d7 10. Be2 Nf6 11. Qc2 Bd7 12. a4 Qe8 13. a5 Nc8 14. O-O Ne7 15. Rfb1 Bc6 16. Nd2 Ng6 17. c4 Rb8 18. d5 exd5 19. cxd5 Bd7 20. Bxa7 Ra8 21. Rxb7 Ne5 22. Qxc7 Rc8 23. Qb6 Rc2 24. Qb4 Qc8 25. a6 Qc3 26. Qxc3 Rxc3 27. Bd4 Rc2 28. Bxe5 Rxd2 29. a7 Ba4 30. Bb8 Rc8 31. Rc7 1-0